 Dungeon Crawl Stone Soup version 0.22.0-60-ga52c2fc (webtiles) character file.

4009 shmeve the Fighter (level 10, -13/91 HPs)
             Began as a Yellow Draconian Berserker on Sept 9, 2018.
             Was a High Priest of Trog.
             Killed from afar by a raiju (20 damage)
             ... with a living lightning
             ... on level 2 of the Abyss.
             The game lasted 00:16:24 (7240 turns).

shmeve the Fighter (Yellow Draconian Berserker)     Turns: 7240, Time: 00:16:24

Health: -13/91     AC: 11    Str: 26    XL:     10   Next: 3%
Magic:  10/10      EV: 18    Int:  3    God:    Trog [*****.]
Gold:   146        SH:  0    Dex: 10    Spells: 9/9 levels left

rFire    . . .     SeeInvis .   w - +0 war axe
rCold    . . .     Gourm    .   (no shield)
rNeg     . . .     Faith    .   (armour unavailable)
rPois    .         Spirit   .   (helmet restricted)
rElec    .         Reflect  .   u - +2 cloak
rCorr    +         Harm     .   p - +0 pair of gloves
MR       .....     Rnd*Rage +   (no boots)
Stlth    +++.......             (no amulet)
HPRegen  0.25/turn              q - +3 ring of evasion
MPRegen  0.12/turn              a - +2 ring of strength

@: no status effects
A: spit acid, acid resistance, unfitting armour, [berserk 2], [deterioration 2],
[dopey 2], cold-blooded, AC +7
a: Breathe Acid, Berserk, Trog's Hand, Brothers in Arms, Renounce Religion


You were on level 2 of the Abyss.
You worshipped Trog.
Trog was extremely pleased with you.
You were not hungry.

You visited 1 branch of the dungeon, and saw 9 of its levels.
You visited the Abyss 1 time.

You collected 467 gold pieces.
You spent 321 gold pieces at shops.

Inventory:

Hand Weapons
 w - a +0 war axe (weapon)
Armour
 p - a +0 pair of gloves (worn)
 u - a +2 cloak (worn)
Jewellery
 a - a +2 ring of strength (right hand)
 d - an uncursed ring of protection from cold
 q - a +3 ring of evasion (left hand)
Scrolls
 c - 2 scrolls of immolation {unknown}
 e - 5 scrolls of remove curse
 f - 3 scrolls of magic mapping {unknown}
 h - 5 scrolls of teleportation {unknown}
 n - 14 scrolls of identify
 s - a scroll of amnesia {unknown}
 t - a scroll of fog {unknown}
 v - 2 scrolls of noise {unknown}
 y - a scroll of enchant armour {unknown}
 z - a scroll of summoning {unknown}
 B - a scroll of blinking {unknown}
Potions
 g - 2 potions of might {unknown}
 i - 4 potions of mutation {unknown}
 j - 3 potions of flight {unknown}
 k - a potion of magic {unknown}
 l - 5 potions of curing
 m - a potion of haste {unknown}
 o - 2 potions of degeneration {unknown}
 r - a potion of heal wounds {unknown}
 x - a potion of brilliance {unknown}
 A - a potion of lignification {unknown}
Comestibles
 b - 12 rations


   Skills:
 * Level 9.2 Fighting
 * Level 8.4 Axes
 * Level 7.5 Dodging
 + Level 5.3 Stealth


You had 9 spell levels left.
You didn't know any spells.
Your spell library was empty.

Dungeon Overview and Level Annotations

Branches:
Dungeon (9/15)             Temple (0/1) D:7
   Lair: D:8-11         Orc: D:9-12

Altars:
Dithmenos
Gozag
Ru
Uskayaw
Zin
The Shining One

Shops:
D:4 %:?=}

Annotations:
D:9 Psyche


Innate Abilities, Weirdness & Mutations

You can spit globs of acid.
You are resistant to acid.
Your golden yellow scales are hard. (AC +7)
You cannot fit into any form of body armour.
You are cold-blooded and may be slowed by cold attacks.
[You often lose your temper in combat.]
[Your body often deteriorates upon taking damage.]
[You are very dopey. (Int -4)]


Message History

The orb of energy misses you.
The wretched star glows turbulently.
The orb of energy hits you!
The orb of energy explodes!
The wretched star glows turbulently.
The orb of energy hits you!
The orb of energy explodes!
The wretched star glows turbulently.
The orb of energy misses you.
The wretched star glows turbulently.
The orb of energy hits you!
* * * LOW HITPOINT WARNING * * *
The orb of energy explodes!
You hear a bark! x3
The wretched star pulses with an eldritch light!
You feel stupid. x2; You feel yourself wasting away.
You feel your body start to fall apart.
You see here a whip.
A raiju comes into view. x2
The raiju bursts into living lightning!
The living lightning hits you!
You die...

#. #..##. ...#.#
##.#.....
#*.#.###.#
#...##...#.#.
....# ##.
..#.#.....## # #
#
#####.#..#.#.#.##
#.#
##.#..)##....# .
#.#.....# .
#.#....###
#..##@.#
##.####h# ## h≈
.# #


You could see a wretched star and 2 raiju.

Vanquished Creatures
  A two-headed ogre (D:8)
  Grinder (D:6)
  A large abomination (Abyss:2)
  A wyvern (D:8)
  A hungry ghost (D:7)
  A steam dragon (D:8)
  2 orc warriors
  A phantom (D:5)
  A sky beast (D:6)
  5 ogres
  An eye of draining (D:8)
  2 centaurs
  A crocodile (D:7)
  Blork the orc (D:5)
  A bullfrog (D:7)
  A wyvern skeleton (D:6)
  2 scorpions
  5 howler monkeys
  4 crimson imps
  3 orc priests
  A gnoll shaman (D:7)
  4 hounds
  5 orc wizards
  4 iguanas
  3 worker ants
  10 gnolls
  9 adders
  2 shadow imps
  An adder zombie (D:7)
  An adder skeleton (D:8)
  2 worms
  3 dart slugs
  7 leopard geckos
  33 orcs
  4 giant cockroaches
  7 goblins
  3 hobgoblins
  12 jackals
  6 kobolds
  5 quokkas
  A ball python (D:2)
  12 bats
  6 frilled lizards
  A goblin skeleton (D:7)
  A jackal zombie (D:5)
  3 kobold skeletons (D:7)
  3 kobold zombies (D:7)
  2 orc skeletons (D:7)
  An orc zombie (D:7)
  A quokka skeleton (D:4)
  7 rats
196 creatures vanquished.

Notes
Turn   | Place    | Note
-------+----------+-------------------------------------------
     0 | D:1      | shmeve the Draconian Berserker began the quest for the Orb.
     0 | D:1      | Reached XP level 1. HP: 19/19 MP: 1/1
   169 | D:1      | Reached XP level 2. HP: 24/26 MP: 2/2
   809 | D:1      | Reached ** piety under Trog
   845 | D:2      | Reached XP level 3. HP: 24/33 MP: 3/3
  1153 | D:2      | Reached skill level 4 in Fighting
  1197 | D:2      | Reached skill level 1 in Stealth
  1271 | D:2      | Reached XP level 4. HP: 38/40 MP: 4/4
  2267 | D:4      | Found Ehik Hyv's Book Shoppe.
  2336 | D:4      | Noticed an ogre
  2343 | D:4      | Killed an ogre
  2343 | D:4      | Reached XP level 5. HP: 47/47 MP: 5/5
  2472 | D:4      | Found Acifes's Gadget Emporium.
  2475 | D:4      | Found Qogruimn's Jewellery Shop.
  2481 | D:4      | Reached *** piety under Trog
  2496 | D:4      | Reached XP level 6. HP: 55/55 MP: 6/6
  2540 | D:4      | Bought a +3 ring of evasion for 231 gold pieces
  2588 | D:4      | Reached skill level 5 in Fighting
  2678 | D:4      | Found Iqykyge's Food Shop.
  2769 | D:4      | Found Wiefes's Magic Scroll Shop.
  2893 | D:5      | Entered Level 5 of the Dungeon
  2893 | D:5      | Found a shadowy altar of Dithmenos.
  3039 | D:5      | Reached skill level 5 in Axes
  3039 | D:5      | Your scales start taking on a golden yellow colour.
  3039 | D:5      | Reached XP level 7. HP: 42/61 MP: 7/7
  3297 | D:5      | Noticed Blork the orc
  3316 | D:5      | Killed Blork the orc
  3650 | D:5      | Found Zin's Purification Station.
  3653 | D:5      | Found a glowing silver altar of Zin.
  3656 | D:5      | Bought a potion of curing for 90 gold pieces
  3930 | D:6      | Reached skill level 6 in Fighting
  4096 | D:6      | Reached skill level 5 in Dodging
  4186 | D:6      | Found a hide-covered altar of Uskayaw.
  4187 | D:6      | Found an opulent altar of Gozag.
  4203 | D:6      | Noticed Grinder
  4221 | D:6      | Paralysed by Grinder for 6 turns
  4231 | D:6      | Paralysed by Grinder for 2 turns
  4234 | D:6      | Killed Grinder
  4234 | D:6      | Reached XP level 8. HP: 51/71 MP: 8/8
  4464 | D:6      | Found a sacrificial altar of Ru.
  5087 | D:7      | Found a staircase to the Ecumenical Temple.
  5173 | D:7      | Reached **** piety under Trog
  5233 | D:7      | Reached skill level 7 in Fighting
  5367 | D:7      | Found a glowing golden altar of the Shining One.
  5505 | D:7      | Reached XP level 9. HP: 76/80 MP: 9/9
  5999 | D:8      | Found a sacrificial altar of Ru.
  6034 | D:8      | Reached skill level 8 in Fighting
  6040 | D:8      | Reached ***** piety under Trog
  6040 | D:8      | Received a gift from Trog
  6114 | D:8      | Found a hide-covered altar of Uskayaw.
  6532 | D:8      | Noticed a two-headed ogre
  6542 | D:8      | Killed a two-headed ogre
  6542 | D:8      | Reached skill level 9 in Fighting
  6542 | D:8      | Reached skill level 5 in Stealth
  7056 | D:9      | Noticed Psyche
  7080 | D:9      | Cast into level 1 of the Abyss (Psyche)
  7082 | Abyss:1  | Found a corrupted altar of Lugonu.
  7102 | Abyss:1  | Noticed a demonic crawler
  7116 | Abyss:1  | Noticed a smoke demon
  7130 | Abyss:2  | Found a corrupted altar of Lugonu.
  7175 | Abyss:2  | Found a corrupted altar of Lugonu.
  7200 | Abyss:2  | Reached XP level 10. HP: 73/91 MP: 10/10
  7218 | Abyss:2  | Noticed a wretched star
  7240 | Abyss:2  | Killed from afar by a raiju

Skill      XL: |  1  2  3  4  5  6  7  8  9 |
---------------+----------------------------+-----
Dodging        | 3 4 5 6 7 |  7.5
Fighting       | 4 5 6 7 9 |  9.2
Stealth        | 1 2 3 4 5 |  5.3
Axes           | 4 5 6 7 8 |  8.4

Action                   |  1- 3 |  4- 6 |  7- 9 | 10-12 || total
-------------------------+-------+-------+-------+-------++-------
Melee: Hand axe          |   106 |   187 |    64 |       ||   357
       Tailslap          |     7 |    25 |    36 |       ||    68
       War axe           |       |       |   238 |       ||   238
Invok: Berserk           |       |     3 |     4 |       ||     7
 Abil: Breathe Acid      |       |       |    21 |       ||    21
  Use: Scroll            |       |     2 |       |       ||     2
 Stab: Sleeping          |       |     3 |     8 |       ||    11
  Eat: Chunk             |     1 |     7 |    16 |       ||    24
       Ration            |       |       |     3 |       ||     3
Armor: Skin              |    60 |    48 |    83 |       ||   191
Dodge: Dodged            |   122 |   163 |   278 |     2 ||   565
